 Dungeon Crawl Stone Soup version 0.21-a0-258-g4c0eb85 (webtiles) character file.

218 Gagarin the Poker (level 5, -2/41 HPs)
             Began as a Merfolk Skald on Sept 6, 2017.
             Slain by an orc
             ... wielding a +0 hand axe
              (4 damage)
             ... on level 3 of the Dungeon.
             The game lasted 00:15:12 (2826 turns).

Gagarin the Poker (Merfolk Skald)                   Turns: 2826, Time: 00:15:13

Health: -2/41      AC:  3    Str: 12    XL:     5   Next: 95%
Magic:  9/9        EV: 13    Int: 12    God:
Gold:   130        SH:  0    Dex: 14    Spells: 7/10 levels left

rFire    . . .     SeeInvis .   a - +0 spear
rCold    . . .     Gourm    .   (no shield)
rNeg     . . .     Faith    .   b - +0 leather armour
rPois    .         Spirit   .   (no helmet)
rElec    .         Reflect  .   (no cloak)
rCorr    .         Harm     .   (no gloves)
MR       .....                  (no boots)
Stlth    +.........             (no amulet)
HPRegen  0.13/turn              (no ring)
MPRegen  0.11/turn              (no ring)

@: no status effects
A: change form in water, swift swim, stealthy swim
a: no special abilities


You were on level 3 of the Dungeon.
You were not hungry.

You visited 1 branch of the dungeon, and saw 3 of its levels.

You collected 130 gold pieces.

Inventory:

Hand Weapons
 a - a +0 spear (weapon)
 x - a +0 blowgun
Missiles
 y - 12 poisoned needles
Armour
 b - a +0 leather armour (worn)
Jewellery
 A - an uncursed ring of flight {unknown}
Wands
 q - a wand of random effects (11/48)
Scrolls
 g - 3 scrolls of recharging {unknown}
 h - a scroll of enchant weapon {unknown}
 i - 5 scrolls of teleportation {unknown}
 j - 2 scrolls of identify {unknown}
 n - a scroll of enchant armour {unknown}
 o - a scroll of immolation {unknown}
 r - a scroll of remove curse {unknown}
 s - a scroll of blinking {unknown}
 t - a scroll of fear {unknown}
 B - a scroll of random uselessness {unknown}
Potions
 e - a potion of magic {unknown}
 f - a potion of haste {unknown}
 k - 3 potions of curing
 l - a potion of cancellation {unknown}
 m - a potion of might
 p - 2 potions of flight {unknown}
 v - a potion of heal wounds {unknown}
 w - a potion of brilliance {unknown}
 C - a potion of lignification {unknown}
Books
 c - a book of Battle

   Spells                             Type                      Level
   a - Infusion                       Charms                       1
   b - Shroud of Golubria             Charms/Translocation         2
   c - Song of Slaying                Charms                       2
   d - Spectral Weapon                Hexes/Charms                 3
   e - Regeneration                   Charms/Necromancy            3
 u - a book of Cantrips

   Spells                             Type                      Level
   a - Confusing Touch                Hexes                        1
   b - Animate Skeleton               Necromancy                   1
   c - Summon Small Mammal            Summoning                    1
   d - Apportation                    Translocation                1
Comestibles
 d - 4 bread rations


   Skills:
 + Level 3.0 Fighting
 + Level 4.4 Polearms
 - Level 1.3 Armour
 + Level 4.0 Dodging
 + Level 3.2 Spellcasting
 + Level 4.1 Charms


You had 7 spell levels left.
You knew the following spells:

 Your Spells              Type           Power        Failure   Level  Hunger
a - Infusion              Chrm           ##..         5%          1    #......
b - Shroud of Golubria    Chrm/Tloc      #.........   21%         2    ###....


Dungeon Overview and Level Annotations

Branches:
Dungeon (3/15)

Altars:
Fedhas
Kikubaaqudgha


Message History

The orc priest is severely wounded.
The orc priest closely misses you. The orc hits you with a hand axe.
* * * LOW HITPOINT WARNING * * *
You hit the orc priest but do no damage.
The orc priest is severely wounded.
The orc wizard gestures wildly while chanting.
The orc wizard blinks!
The orc priest barely misses you.
You barely miss the orc priest.
The orc priest is severely wounded.
The orc hits you with a hand axe.
* * * LOW HITPOINT WARNING * * *
Evoke which item? (* to show all) (? for menu, Esc to quit)
Aiming: Random Effects (will waste charges)
Press: ? - help, Shift-Dir - straight line, f - orc, p - orc wizard
Aim: an orc The orc priest appears confused.
Evoking this partially-identified wand wasted a few charges.
The orc priest completely misses the orc.
The orc hits you with a hand axe.
You die...

###### #...... #. #....#
#...... #. #....#
#...... #. #....#
#...... #. #....#
####### # #o##....#
#####.. #.. #.......#
#.....#
#....#o#####.#####.....#
#...ooo@†...............
###########....#######..
#.....('....########.
#.######....+......'.
#...........########.
#...........# #.
#...........# ##.
##..........#######..
#.....[.........##..


You could see an orc priest (confused), an orc wizard and 3 orcs.

Vanquished Creatures
  Ijyb (D:3)
  An orc wizard (D:3)
  8 adders
  An ooze (D:2)
  A worm (D:2)
  2 dart slugs
  4 leopard geckos (D:1)
  8 orcs
  2 ball pythons (D:3)
  2 giant cockroaches
  10 goblins
  9 hobgoblins
  3 jackals (D:2)
  6 bats
  A frilled lizard (D:3)
  8 kobolds
  5 rats
72 creatures vanquished.

Notes
Turn   | Place    | Note
-------+----------+-------------------------------------------
     0 | D:1      | Gagarin the Merfolk Skald began the quest for the Orb.
     0 | D:1      | Reached XP level 1. HP: 16/16 MP: 3/3
   249 | D:1      | Reached XP level 2. HP: 18/22 MP: 5/5
   554 | D:1      | Reached XP level 3. HP: 25/27 MP: 6/6
   574 | D:1      | Reached skill level 1 in Armour
   907 | D:1      | Learned a level 2 spell: Shroud of Golubria
  1096 | D:2      | Reached XP level 4. HP: 33/34 MP: 2/8
  1367 | D:2      | Found a blossoming altar of Fedhas.
  1368 | D:2      | Found an ancient bone altar of Kikubaaqudgha.
  1722 | D:2      | Found a faded altar of an unknown god.
  1838 | D:3      | Reached XP level 5. HP: 15/39 MP: 1/9
  2476 | D:3      | Noticed Ijyb
  2528 | D:3      | Killed Ijyb
  2825 | D:3      | HP: 2/41 [orc/hand axe (1)]
  2826 | D:3      | Slain by an orc

Vault maps used:
D:1:      mainiacjoe_arrival_reflecting_pool, minmay_pentomino_r4
D:2:      grunt_temple_overflow_growth_and_decay, first_bread,
          chequers_ecumenical_altar_grove
D:3:      kennysheep_the_goblin_king, lightli_sewer_entry_pipes

Skill      XL: |  1  2  3  4  5 |
---------------+----------------+-----
Dodging        | 3 4 |  4.0
Armour         | 1 |  1.3
Spellcasting   | 3 |  3.2
Charms         | 4 |  4.1
Polearms       | 4 |  4.4
Fighting       | 3 |  3.0

Action                   |  1- 3 |  4- 6 || total
-------------------------+-------+-------++-------
Melee: Spear             |   109 |   223 ||   332
Throw: Throwing net      |       |     3 ||     3
 Cast: Infusion          |     5 |     6 ||    11
       Shroud of Golubri |       |     6 ||     6
Evoke: Wand              |       |     2 ||     2
  Use: Potion            |       |     2 ||     2
 Stab: Held in net/web   |       |     3 ||     3
  Eat: Chunk             |     1 |     6 ||     7
Armor: Leather armour    |    22 |    29 ||    51
Dodge: Dodged            |    50 |   137 ||   187

Table legend:
 A = Spawn XP
 B = Non-spawn XP
 C = Spawn XP percentage of total XP
 D = Spawn monster count
 E = Non-spawn monster count
 F = Spawn count percentage of total count
 G = Total turns spent on level
                    A         B        C        D         E        F      G
               +---------+---------+-------+---------+---------+-------+---------
         Total |       0 |     312 |   0.0 |       0 |      72 |   0.0 |  2826
               +---------+---------+-------+---------+---------+-------+---------
           D:1 |       0 |      44 |   0.0 |       0 |      21 |   0.0 |   966
           D:2 |       0 |     102 |   0.0 |       0 |      24 |   0.0 |   804
           D:3 |       0 |     166 |   0.0 |       0 |      27 |   0.0 |  1056
               +---------+---------+-------+---------+---------+-------+---------
